 Dungeon Sprint DCSS version 0.31.0-12-g77e489cdc1 (webtiles) character file.

Game seed: 2827524393378025779

807 Heoruswealwe the Spear-Bearer (level 7, -9/73 HPs)
             Began as a Minotaur Fighter on Mar 4, 2024.
             Was an Initiate of Gozag.
             Mangled by a yak (14 damage)
             ... in the Dungeon (Sprint IX: "|||||||||||||||||||||||||||||").
             The game lasted 00:01:12 (120 turns).

Heoruswealwe the Spear-Bearer (Minotaur Fighter)     Turns: 120, Time: 00:01:13

Health: -9/73      AC:  8    Str: 22    XL:     7   Next: 60%
Magic:  6/6        EV:  9    Int:  5    God:    Gozag
Gold:   0          SH:  4    Dex: 10    Spells: 6/6 levels left

rFire   . . .        a - +0 trident
rCold   . . .        d - +0 buckler
rNeg    . . .        c - +0 scale mail
rPois   .            (helmet restricted)
rElec   .            (no cloak)
rCorr   .            (no gloves)
SInv    .            (no boots)
Will    .....        (no amulet) Stlth
                     (no ring)
HPRegen 0.32/turn    (no ring)
MPRegen 0.10/turn

%: no teleportation
@: gold aura
A: horns 2, retaliatory headbutt
a: Renounce Religion, Potion Petition, Call Merchant, Bribe Branch


You were in the Dungeon.
You worshipped Gozag.
Gozag was noncommittal.
You visited 1 branch

Inventory:

Hand Weapons
 a - a +0 trident (weapon)
Armour
 c - a +0 scale mail (worn)
 d - a +0 buckler (worn)
Jewellery
 k - a +2 ring of evasion
 l - a +3 ring of dexterity
Wands
 h - a wand of quicksilver (10)
Scrolls
 j - 2 scrolls of blinking
Potions
 b - a potion of might
 e - 5 potions of curing
 f - 3 potions of heal wounds
 g - a potion of haste
 i - a potion of berserk rage


   Skills:
 + Level 10.7 Fighting
 * Level 14.2 Polearms
 + Level 10.7 Armour
 - Level 3.6 Shields


You had 6 spell levels left.
You didn't know any spells.
Your spell library was empty.

Dungeon Overview and Level Annotations

Branches:
Dungeon (1/1)

Altars:
Cheibriados
Dithmenos
Elyvilon
Fedhas
Gozag
Hepliaklqana
Kikubaaqudgha
Makhleb
Nemelex Xobeh
Okawaru
Qazlal
Ru
Sif Muna
Trog
Uskayaw
Vehumet
Wu Jian
Xom
Yredelemnul
Zin
The Shining One
Jiyva
Lugonu


Innate Abilities, Weirdness & Mutations

You have a pair of horns on your head.
You reflexively headbutt those who attack you in melee.


Message History

The orc warrior is no longer distracted by gold.
The hornet stings you but does no damage.
The vampire mosquito buzzes angrily.
You puncture the hornet!
You kill the hornet!
You feel sick.
Your Fighting skill increases to level 10!
Your Polearms skill increases to level 13!
Your Armour skill increases to level 10!
You have reached level 7!
You hit the yak but do no damage.
You feel sick.
The vampire mosquito is no longer distracted by gold.
The yak barely misses you. You furiously retaliate!
You headbutt the yak. You hit the yak but do no damage.
The yak is lightly wounded.
You feel sick. The yak barely misses you. You furiously retaliate!
You headbutt the yak! You hit the yak but do no damage.
The yak is heavily wounded.
You feel yourself speed up.
You feel sick. The yak gores you.
* * * LOW HITPOINT WARNING * * *
You puncture the yak! You headbutt the yak, but do no damage.
The yak is almost dead.
You feel sick. You block the yak's attack.
You puncture the yak!
You kill the yak!
You feel sick.
The vampire mosquito is distracted by your dazzling golden aura.
Your Polearms skill increases to level 14!
The vampire mosquito buzzes angrily.
You hit the yak.
The yak is lightly wounded.
You hit the yak.
The yak is lightly wounded.
You feel sick.
You are no longer poisoned.
The yak gores you!
You die...
Your body crumbles into a pile of gold.

▓.▓
▓.▓
▓.▓
▓y▓
▓.▓
▓o▓
▓Y▓
▓@▓
▓.▓
▓[▓
▓[▓
▓[▓
▓.▓
▓)▓
▓?▓
▓!▓


You could see a yak, an orc warrior and a vampire mosquito.

Vanquished Creatures
  A kobold demonologist (D)
  A hornet (D)
  A yak (D)
  A black bear (D)
  A hound (D)
  2 iguanas (D)
  An orc (D)
  3 giant cockroaches (D)
  A frilled lizard (D)
  A goblin (D)
13 creatures vanquished.

Notes
Turn   | Place    | Note
-------+----------+-------------------------------------------
     0 | D        | Heoruswealwe the Minotaur Fighter began the quest for the
                  | Orb.
     0 | D        | Reached XP level 1. HP: 19/19 MP: 0/0
     5 | D        | Reached skill level 3 in Polearms
    16 | D        | Noticed a black bear
    16 | D        | Noticed a hound
    16 | D        | Noticed an iguana
    16 | D        | Noticed an iguana
    21 | D        | Reached skill level 4 in Polearms
    23 | D        | Killed an iguana
    24 | D        | Reached skill level 5 in Fighting
    24 | D        | Reached skill level 5 in Polearms
    24 | D        | Reached skill level 5 in Armour
    24 | D        | Reached XP level 2. HP: 21/29 MP: 1/1
    24 | D        | Reached XP level 3. HP: 27/36 MP: 2/2
    27 | D        | Reached skill level 6 in Polearms
    35 | D        | Reached skill level 7 in Polearms
    35 | D        | Reached XP level 4. HP: 36/44 MP: 3/3
    37 | D        | Killed a black bear
    38 | D        | Reached skill level 9 in Polearms
    38 | D        | Reached XP level 5. HP: 37/52 MP: 4/4
    44 | D        | Found a snail-covered altar of Cheibriados.
    44 | D        | Found a shadowy altar of Dithmenos.
    44 | D        | Found a white marble altar of Elyvilon.
    44 | D        | Found a blossoming altar of Fedhas.
    44 | D        | Found an opulent altar of Gozag.
    45 | D        | Found a hazy altar of Hepliaklqana.
    46 | D        | Found a viscous altar of Jiyva.
    47 | D        | Found an ancient bone altar of Kikubaaqudgha.
    48 | D        | Found a corrupted altar of Lugonu.
    49 | D        | Found a burning altar of Makhleb.
    50 | D        | Found a sparkling altar of Nemelex Xobeh.
    51 | D        | Found an iron altar of Okawaru.
    52 | D        | Became a worshipper of Gozag Ym Sagoz the Greedy
    53 | D        | Found a stormy altar of Qazlal.
    54 | D        | Found a sacrificial altar of Ru.
    55 | D        | Found a shimmering blue altar of Sif Muna.
    56 | D        | Found a bloodstained altar of Trog.
    57 | D        | Found a hide-covered altar of Uskayaw.
    58 | D        | Found a radiant altar of Vehumet.
    59 | D        | Found an ornate altar of the Wu Jian Council.
    60 | D        | Found a shimmering altar of Xom.
    61 | D        | Found a basalt altar of Yredelemnul.
    62 | D        | Found a glowing silver altar of Zin.
    63 | D        | Found a glowing golden altar of the Shining One.
    88 | D        | Noticed a vampire mosquito
    88 | D        | Noticed a yak
    88 | D        | Noticed an orc warrior
    88 | D        | Noticed a yak
    88 | D        | Noticed a hornet
    88 | D        | Noticed a kobold demonologist
   107 | D        | Killed a kobold demonologist
   108 | D        | Reached skill level 12 in Polearms
   108 | D        | Reached XP level 6. HP: 38/64 MP: 5/5
   113 | D        | Killed a hornet
   114 | D        | Reached skill level 10 in Fighting
   114 | D        | Reached skill level 13 in Polearms
   114 | D        | Reached skill level 10 in Armour
   114 | D        | Reached XP level 7. HP: 13/72 MP: 6/6
   118 | D        | Killed a yak
   119 | D        | Reached skill level 14 in Polearms
   120 | D        | Mangled by a yak

Illustrated notes

Levels and vault maps discovered:
D:        linesprint [early_d, line_temple, items_1, d_10, items_2, lair_1,
          lair_end, items_3, orc_1, orc_end, items_4, d_15, swamp_1, shoals_1,
          snake_1, spider_1, d_20, vaults_1, items_5, swamp_end, shoals_end,
          snake_end, spider_end, vaults_end, d_27, items_6, zot_1, zot_end,
          crypt_end, forest_end, elf_end, slime_end, tomb_end, abyss_end,
          pan_hell_end]

Skill      XL: |  1  2  3  4  5  6  7 |
---------------+----------------------+-----
Polearms       | 5 7 9 12 13 14 | 14.2
Fighting       | 5 6 7 9 10 | 10.7
Armour         | 5 6 7 9 10 | 10.7
Shields        | |  3.6

Action                     |  1- 3 |  4- 6 |  7- 9 || total
---------------------------+-------+-------+-------++-------
  Melee: Trident           |    24 |    28 |     7 ||    59
         Headbutt          |     3 |     5 |     1 ||     9
 Armour: Scale mail        |    14 |    21 |     2 ||    37
  Dodge: Dodged            |    10 |     8 |     2 ||    20
  Block: Buckler           |     2 |     5 |     1 ||     8
